 Dungeon Crawl Stone Soup version 0.28.0-53-g5a82cb258f (webtiles) character file.

Game seed: 2138155804851221649

723 Gurantaxtaxq the Shield-Bearer (level 7, -3/66 HPs)
             Began as a Deep Dwarf Fighter on Aug 17, 2022.
             Slain by an ogre
             ... wielding a +0 giant club
              (9 damage)
             ... on level 5 of the Dungeon.
             The game lasted 00:30:13 (3175 turns).

Gurantaxtaxq the Shield-Bearer (Deep Dwarf Fighter) Turns: 3175, Time: 00:30:14

Health: -3/66      AC: 13    Str: 20    XL:     7   Next: 43%
Magic:  7/7        EV:  5    Int: 10    God:
Gold:   186        SH:  5    Dex: 12    Spells: 6/6 levels left

rFire   . . .      SeeInvis .   a - +0 war axe
rCold   + . .      Faith    .   c - +0 buckler
rNeg    . . .      Spirit   .   o - +0 plate armour
rPois   .          Reflect  .   (no helmet)
rElec   .          Harm     .   (no cloak)
rCorr   .          Rampage  .   (no gloves)
Will    +....                   e - +0 pair of boots
Stlth   ..........              (no amulet)
HPRegen 0.00/turn               j - ring of protection from cold
MPRegen 0.10/turn               w - +4 ring of slaying

@: no status effects
A: damage resistance, heal wounds, sense surroundings 1, no regeneration
a: Heal Wounds


You were on level 5 of the Dungeon.
You visited 1 branch of the dungeon, and saw 5 of its levels.

You collected 186 gold pieces.

Inventory:

Hand Weapons
 a - a +0 war axe (weapon)
Missiles
 g - 59 stones
 r - 3 boomerangs of dispersal
Armour
 c - a +0 buckler (worn)
 e - a +0 pair of boots (worn)
 o - a +0 plate armour (worn)
 z - +0 ice dragon scales
Magical Staves
 k - a staff of poison
Jewellery
 j - a ring of protection from cold (left hand)
 n - a ring of protection from cold
 w - a +4 ring of slaying (right hand)
Wands
 d - a wand of flame (17)
 p - a wand of mindburst (18)
Scrolls
 b - a scroll of enchant armour {unknown}
 h - a scroll of fog {unknown}
 l - 2 scrolls of identify {unknown}
 m - a scroll of blinking {unknown}
 s - a scroll of teleportation {unknown}
 t - 2 scrolls of noise {unknown}
 v - 4 scrolls of immolation {unknown}
 y - a scroll of fear {unknown}
 A - a scroll of brand weapon {unknown}
Potions
 f - 2 potions of heal wounds
 i - a potion of haste {unknown}
 q - a potion of berserk rage {unknown}
 u - a potion of attraction {unknown}
 x - a potion of magic {unknown}


   Skills:
 + Level 4.6 Fighting
 + Level 4.9 Axes
 + Level 5.5 Armour
 + Level 5.6 Shields


You had 6 spell levels left.
You didn't know any spells.
Your spell library contained the following spells:

 Spells                   Type           Power      Damage    Failure   Level
 Blink                    Tloc           0%         N/A       100%        2
 Dazzling Flash           Conj/Hex       0%         N/A       100%        3
 Agony                    Necr           0%         N/A       100%        5
 Manifold Assault         Tloc           0%         N/A       100%        5
 Silence                  Hex/Air        0%         N/A       100%        5
 Storm Form               Tmut/Air       0%         N/A       100%        7


Dungeon Overview and Level Annotations

Branches:
Dungeon (5/15)
 Temple: D:4-7

Altars:
Kikubaaqudgha
Nemelex Xobeh
Trog

Shops:
D:4 ?

Annotations:
D:3 1 runed translucent door, Crazy Yiuf


Innate Abilities, Weirdness & Mutations

You are resistant to damage.
You can heal yourself by infusing magical energy.
You passively map a small area around you.
You do not regenerate.


Message History

You kill the orc!
Things that are here:
a +0 whip; a +0 leather armour; an orc corpse
There is a stone staircase leading up here.
Found 19 stones.
You now have 166 gold pieces (gained 14).
g - 59 stones (gained 19)
Found 20 gold pieces.
Found a stone staircase leading down.
You now have 186 gold pieces (gained 20).
Found an ancient bone altar of Kikubaaqudgha.
An ogre comes into view. It is wielding a +0 giant club.
The ogre shouts!
A scorpion comes into view.
You block the ogre's attack.
You hit the ogre.
The ogre is moderately wounded.
The ogre hits you with a +0 giant club!
* * * LOW HITPOINT WARNING * * *
You slash the ogre!
The ogre is heavily wounded.
The ogre hits you but does no damage.
You closely miss the ogre.
The ogre is heavily wounded.
The ogre barely misses you.
You completely miss the ogre.
The ogre is heavily wounded.
You hit the scorpion.
The scorpion stings you but does no damage.
The ogre hits you with a +0 giant club!
* * * LOW HITPOINT WARNING * * *
You slash the ogre!
The ogre is almost dead.
You hit the scorpion. You block the scorpion's attack.
You block the ogre's attack.
The scorpion stings you but does no damage.
You hit the ogre.
The ogre is almost dead.
You closely miss the scorpion. The scorpion stings you.
The ogre hits you with a +0 giant club!
You die...

#.......## #......###
.........# #.........
.........# #.........
.........######.........,
,
........................
, .........######..#.##..
, ...................#
.........#######Os##* , >
.........# #@## * **
.........# #.# *
.........# #####.##### 8
#.......## #........># ,
##.....## #.........#
#8.. #######
#.........#########...
#................#8...
################.##...
#.# 8..


You could see an ogre and a scorpion.

Vanquished Creatures
  Sigmund (D:3)
  2 scorpions (D:4)
  2 hounds (D:4)
  A bullfrog skeleton (D:4)
  Ijyb (D:3)
  Terence (D:2)
  2 iguanas
  6 adders
  8 gnolls
  An ufetubus (D:5)
  4 worms
  5 orcs
  6 ball pythons
  6 bats
  10 endoplasms
  2 giant cockroaches
  9 goblins
  4 hobgoblins
  10 jackals
  3 kobolds
  3 quokkas
  13 frilled lizards
  11 rats
111 creatures vanquished.

Vanquished Creatures (others)
  3 plants (D:3)
3 creatures vanquished.

Grand Total: 114 creatures vanquished

Notes
Turn   | Place    | Note
-------+----------+-------------------------------------------
     0 | D:1      | Gurantaxtaxq the Deep Dwarf Fighter began the quest for the
                  | Orb.
     0 | D:1      | Reached XP level 1. HP: 20/20 MP: 1/1
   213 | D:1      | Reached XP level 2. HP: 24/27 MP: 2/2
   515 | D:1      | Reached XP level 3. HP: 21/34 MP: 3/3
  1029 | D:2      | Noticed Terence
  1038 | D:2      | Killed Terence
  1039 | D:2      | Reached XP level 4. HP: 7/42 MP: 4/4
  1367 | D:3      | Reached XP level 5. HP: 14/49 MP: 5/5
  1603 | D:3      | Found a runed translucent door.
  1604 | D:3      | Noticed Crazy Yiuf
  1965 | D:3      | Noticed Sigmund
  1965 | D:3      | Noticed Ijyb
  1970 | D:3      | Killed Sigmund
  1971 | D:3      | Reached XP level 6. HP: 31/57 MP: 6/6
  1978 | D:3      | Killed Ijyb
  2128 | D:3      | Noticed a moth of wrath
  2133 | D:3      | Found a bloodstained altar of Trog.
  2347 | D:4      | Reached skill level 5 in Shields
  2352 | D:4      | Identified the +0 robe "Umeov" {Rampage Will- Str+8}
  2367 | D:4      | Reached skill level 5 in Armour
  2532 | D:4      | Found Vaseloh's Magic Scroll Boutique.
  2700 | D:4      | Reached XP level 7. HP: 35/64 MP: 7/7
  2899 | D:4      | Found a sparkling altar of Nemelex Xobeh.
  3033 | D:5      | Entered Level 5 of the Dungeon
  3139 | D:5      | Found an ancient bone altar of Kikubaaqudgha.
  3175 | D:5      | Slain by an ogre

Illustrated notes

Levels and vault maps discovered:
D:1:      sevenhm_arrival_forest_fort_large_2, layout_loops_ring,
          minmay_tromino_v4_b
D:2:      layout_basic, uniq_terence
D:3:      layout_loops_corners, tgw_trog, grunt_ministairs_9,
          minmay_lizard_king, uniq_sigmund, uniq_ijyb, uniq_crazy_yiuf_cottage
D:4:      layout_loops_cross, nemelex_dance_club_becter, serial_shops,
          nicolae_stop_n_shop_2, minmay_misc_feat_x
D:5:      layout_rooms, nicolae_overflow_hidden_temple, st_stairs_9

Skill      XL: |  1  2  3  4  5  6 |
---------------+-------------------+-----
Fighting       | 3 4 |  4.6
Axes           | 3 4 |  4.9
Armour         | 4 5 |  5.5
Shields        | 4 5 |  5.6

Action                   |  1- 3 |  4- 6 |  7- 9 || total
-------------------------+-------+-------+-------++-------
Melee: War axe           |   111 |   197 |    47 ||   355
 Abil: Heal Wounds       |       |     3 |     1 ||     4
  Use: Potion            |       |     1 |       ||     1
Armor: Scale mail        |    55 |    13 |       ||    68
       Plate armour      |       |    99 |    36 ||   135
Dodge: Dodged            |    63 |    52 |    17 ||   132
Block: Buckler           |    24 |    57 |    21 ||   102
